 Dungeon Crawl Stone Soup version 0.29.1-2-gbd0b4ee654 (webtiles) character file.

Game seed: 776702326159827255

91259 GeoRichter the Carver (level 15, -1/110 (112) HPs)
             Began as a Demonspawn Gladiator on Nov 7, 2022.
             Was the Champion of Hepliaklqana.
             Hit by a large rock thrown by a cyclops (19 damage)
             ... on level 15 of the Dungeon.
             The game lasted 00:57:33 (25918 turns).

GeoRichter the Carver (Demonspawn Gladiator)       Turns: 25918, Time: 00:57:34

HP:   -1/110 (112)  AC: 13    Str: 16    XL:     15   Next: 54%
MP:   31/31         EV: 18    Int: 11    God:    Hepliaklqana [******]
Gold: 1767          SH: 11    Dex: 22    Spells: 14/23 levels left

rFire   + . .      SeeInvis +   a - +0 long sword (flame)
rCold   + . .      Faith    .   g - +0 buckler
rNeg    . . .      Spirit   .   P - +2 troll leather armour {Snorg}
rPois   .          Reflect  +   x - +0 hat {SInv}
rElec   .          Harm     .   O - +0 cloak
rCorr   +          Rampage  .   m - +0 pair of fencer's gloves {Riposte Dex+3}
Will    ++...                   (no boots)
Stlth   ++........              r - amulet of reflection
HPRegen 1.08/turn               H - ring "Geviypo" {rC+ Will+ rCorr MP+9}
MPRegen 0.22/turn               V - ring of protection from fire

@: hasted, lightly drained, very quick
A: reduced essence, hooves 2, demonic guardian 1, sharp scales 3, demonic magic
1
a: Renounce Religion, Recall Ancestor, Ancestor Identity, Transference, Idealise


You were on level 15 of the Dungeon.
You worshipped Hepliaklqana.
Hepliaklqana was exalted by your worship.
You visited 4 branches of the dungeon, and saw 23 of its levels.
You also visited: Sewer and Ossuary.

You collected 3047 gold pieces.
You spent 1280 gold pieces at shops.

Inventory:

Hand Weapons
 a - a +0 long sword of flaming (weapon)
 y - the +12 rapier of Radicalism {freeze, Int+3}
   (You found it on level 5 of the Lair of Beasts)

   It freezes those it strikes, dealing additional cold damage.
   It can also slow down cold-blooded creatures.
   Int:       It affects your intelligence (+3).
Missiles
 d - 4 throwing nets (quivered) {!f}
Armour
 g - a +0 buckler (worn)
   (You found it on level 1 of the Dungeon)
 m - the +0 pair of fencer's gloves (worn) {Riposte Dex+3}
   (You bought it in a shop on level 8 of the Dungeon)

   It allows the wearer to riposte with melee weapons, swiftly retaliating
   against missed or blocked melee attacks.
   Dex:       It affects your dexterity (+3).
 x - a +0 hat of see invisible (worn)
   (You found it on level 4 of the Dungeon)
 O - a +0 cloak (worn)
   (You found it on level 1 of the Lair of Beasts)
 P - a +2 troll leather armour (worn) {Snorg}
   (You found it on level 4 of the Lair of Beasts)
 Q - the +0 cloak of Digheul {*Slow Int+7}
   (You found it on level 13 of the Dungeon)

   Int:       It affects your intelligence (+7).
   *Slow:     It may slow you when you take damage.
 W - a +0 kite shield
   (You found it on level 10 of the Dungeon)
Jewellery
 h - a ring of positive energy
   (You found it on level 11 of the Dungeon)
 o - an amulet of regeneration
   (You found it on level 7 of the Dungeon)
 r - an amulet of reflection (around neck)
   (You found it on level 2 of the Dungeon)
 H - the ring "Geviypo" (left hand) {rC+ Will+ rCorr MP+9}
   (You acquired it on level 10 of the Dungeon)

   [ring of protection from cold]

   rC:        It protects you from cold.
   MP:        It affects your magic capacity (+9).
   rCorr:     It protects you from acid and corrosion.
   Will:      It increases your willpower.
 K - a ring of poison resistance
   (You found it on level 8 of the Dungeon)
 V - a ring of protection from fire (right hand)
   (You found it on level 14 of the Dungeon)
Wands
 C - a wand of iceblast (4)
   (You found it on level 3 of the Lair of Beasts)
 M - a wand of paralysis (17)
   (You found it on level 9 of the Dungeon)
 S - a wand of digging (3)
   (You took it off Josephine on level 4 of the Lair of Beasts)
 Y - a wand of quicksilver (9)
   (You found it on level 10 of the Dungeon)
Scrolls
 e - a scroll of blinking
 f - 3 scrolls of brand weapon
 n - 3 scrolls of enchant weapon
 q - 8 scrolls of teleportation {@r4}
 s - 4 scrolls of silence
 v - 2 scrolls of butterflies
 A - a scroll of torment {!r}
 B - a scroll of fear
 D - 5 scrolls of immolation {!r}
 E - 5 scrolls of vulnerability {!r}
 F - a scroll of magic mapping
 N - a scroll of enchant armour
 Z - 2 scrolls of poison {!r}
Potions
 b - 3 potions of mutation {!q}
 i - 5 potions of magic
 j - 2 potions of haste {@q3}
 k - 6 potions of curing {@q1}
 l - 3 potions of brilliance
 t - 3 potions of cancellation {unknown}
 u - 2 potions of might
 w - a potion of berserk rage
 z - 9 potions of lignification {!q}
 J - 12 potions of ambrosia
 L - 4 potions of degeneration {!q}
 R - 3 potions of flight {unknown}
 T - 2 potions of attraction {unknown}
 U - a potion of heal wounds {@q2}
Miscellaneous
 c - a condenser vane (inert)
   (You found it on level 13 of the Dungeon)
 G - a box of beasts (inert)
   (You found it on level 10 of the Dungeon)
 I - a phial of floods
   (You found it on level 10 of the Dungeon)
 X - a lightning rod (4/4) {!a}
   (You found it on level 10 of the Dungeon)


   Skills:
 + Level 13.7 Fighting
 - Level 14.0 Long Blades
 - Level 1.7 Throwing
 - Level 8.2 Armour
 + Level 9.0 Dodging
 - Level 5.1 Shields
 + Level 4.9 Spellcasting
 + Level 5.5 Conjurations
 * Level 7.4 Air Magic
 * Level 7.9 Poison Magic
 - Level 5.0 Evocations


You had 14 spell levels left.
You knew the following spells:

 Your Spells              Type           Power      Damage    Failure   Level
a - Swiftness             Air            19%        N/A       4%          3
b - Mephitic Cloud        Conj/Pois/Air  18%        N/A       5%          3
c - Ignite Poison         Fire/Tmut/Pois 8%         N/A       32%         3

Your spell library contained the following spells:

 Spells                   Type           Power      Damage    Failure   Level
 Poisonous Vapours        Pois/Air       38%        N/A       1%          2
 Shock                    Conj/Air       64%        1d7       2%          1
 Apportation              Tloc           4%         N/A       32%         1
 Conjure Flame            Conj/Fire      8%         6-21      32%         3
 Stone Arrow              Conj/Erth      16%        3d8       32%         3
 Corpse Rot               Necr/Pois/Air  14%        N/A       36%         4
 Blink                    Tloc           4%         N/A       45%         2
 Ensorcelled Hibernation  Hex/Ice        4%         N/A       45%         2
 Passwall                 Tmut/Erth      1%         N/A       45%         2
 Sublimation of Blood     Necr           2%         N/A       45%         2
 Iskenderun's Battlesphe  Conj           14%        2d7       67%         5
 Lesser Beckoning         Tloc           2%         N/A       69%         3
 Sticky Flame             Conj/Fire      8%         2d3       71%         4
 Freezing Cloud           Conj/Ice/Air   6%         6-21      83%         5
 Alistair's Intoxication  Tmut/Pois      7%         N/A       87%         5
 Irradiate                Conj/Tmut      4%         3d13      96%         5
 Animate Armour           Summ/Erth      4%         N/A       97%         4
 Cause Fear               Hex            1%         N/A       97%         4
 Petrify                  Tmut/Erth      2%         N/A       97%         4
 Manifold Assault         Tloc           2%         N/A       100%        5
 Iron Shot                Conj/Erth      4%         9d2       100%        6
 Dragon Form              Tmut           1%         N/A       100%        7
 Enfeeble                 Hex            1%         N/A       100%        7
 Spellforged Servitor     Conj/Summ      4%         N/A       100%        7
 Lehudib's Crystal Spear  Conj/Erth      4%         10d3      100%        8
 Dragon's Call            Summ           1%         N/A       100%        9


Dungeon Overview and Level Annotations

Branches:
Dungeon (15/15) Zot: 26640  Temple (1/1) D:4 Zot: 5839    Lair (5/5) D:8 Zot: 21431
 Shoals (0/4) Lair:3        Snake (0/4) Lair:3        Slime (0/5) Lair:5
    Orc (2/2) D:11 Zot: 9797     Elf (0/3) Orc:2        Vaults (0/5) D:13
  Sewer (visited)         Ossuary (visited)
 Depths: D:15

Altars:
Ashenzari
Cheibriados
Dithmenos
Fedhas
Gozag
Hepliaklqana
Kikubaaqudgha
Makhleb
Nemelex Xobeh
Okawaru
Qazlal
Ru
Sif Muna
Trog
Uskayaw
Vehumet
Wu Jian
Xom
Yredelemnul
Jiyva

Shops:
D:1 (   D:8 [   Orc:2 ::[:!

Annotations:
D:15 2 transporters, exclusion: obsidian statue, Purphixowk's ghost, journeyman DsGl


Innate Abilities, Weirdness & Mutations

Your life essence is reduced to manifest your ancestor. (-10% HP)
You have hoof-like feet.
A weak demonic guardian rushes to your aid.
You are completely covered in razor-sharp scales. (AC +3, Slay +3)
Spells you cast may paralyse adjacent enemies.


Message History

An orc knight and a cyclops come into view.
Found 10 gold pieces and a wand of flame (9).
The orc knight shouts!
The orc knight roars a battlecry!
An orc sorcerer comes into view. It is wielding a +0 dagger.
The cyclops shouts!
A warg comes into view.
The cyclops throws a large rock.
The large rock hits you!!
Ku-aya gestures at the orc sorcerer while chanting.
The orc sorcerer resists with some effort.
The orc sorcerer gestures at you while chanting.
The bolt of negative energy hits you!
You feel drained.
An orc comes into view. It is wielding a +0 mace.
The orc shouts!
The orc knight hits you from afar with a +1 halberd!!
* * * LOW HITPOINT WARNING * * *
The orc sorcerer points at you and mumbles some strange words.
You resist with almost no effort.
You feel much better.
The orc knight hits you from afar with a +1 halberd!!
* * * LOW HITPOINT WARNING * * *
You feel yourself speed up. The orc knight closely misses you.
The orc sorcerer misses you.
You closely miss the orc sorcerer. You kick the orc sorcerer.
You block the warg's attack.
The orc sorcerer gestures at you while chanting.
The bolt of negative energy misses you.
The orc knight hits you from afar with a +1 halberd!
* * * LOW HITPOINT WARNING * * *
You slice the orc sorcerer!! You burn the orc sorcerer.
You kick the orc sorcerer.
Ku-aya hits the orc sorcerer with a +0 dagger of draining!
The orc sorcerer dies!
The warg closely misses you.
The cyclops throws a large rock.
The large rock hits you.
* * * LOW HITPOINT WARNING * * *
You hit the warg. You burn the warg. You kick the warg.
Ku-aya hits the warg with a +0 dagger of draining.
The orc knight misses you.
You hit the warg but do no damage. You kick the warg.
The warg barely misses you.
Ku-aya closely misses the warg.
You hit the warg. You burn the warg. You kick the warg!
You kill the warg!
Ku-aya hits the orc with a +0 dagger of draining!
The orc dies!
The orc knight hits you from afar with a +1 halberd!
* * * LOW HITPOINT WARNING * * *
A demonic guardian appears!
The cyclops throws a large rock.
The large rock hits you!!
You die...

#...©...##.#
..#.##..#####..... #
#......##.©.##...# ≈ #.
#.#... #.###.##..# ≈/.
#. #.#.. #....~..##..
...##.##...
#8.....~.8##.
.....4o..##~.#.###.#.~##
.......)##....##W##...c#
#.#R@#.#.$##?..##..#.
#....#p#$~#.. )T#..#○
#.#..#T#...#.W.##..#R
#.#..##HD~.##e#H...R#
#.....##~e#.###T#~.##
#C##...##8y...p.p8##.
..........##...$..e##..
#.#.##.#...##.###.##...
.C.#.........##.©.##..##


You could see the friendly Ku-aya the hexer, a death knight, a five-headed
hydra, an orc knight (ally target), a deep elf annihilator, a manticore, a
cyclops, a deep troll earth mage, a vampire mosquito and a friendly rust devil
(summoned).

Vanquished Creatures
  2 orc warlords (Orc:1)
  Snorg (Lair:4)
  Josephine (Lair:4)
  A vault guard (D:13)
  5 hydras
  2 boulder beetles
  A catoblepas (Lair:1)
  A centaur warrior (D:13)
  A tengu warrior (D:15)
  2 two-headed ogres
  6 death yaks
  4 orc high priests (Orc:2)
  5 skeletal warriors (D:13)
  2 deep elf pyromancers
  A wizard (D:13)
  An orc knight (D:15)
  3 manticores
  2 orc sorcerers (Orc:2)
  10 elephants
  6 ugly things
  12 cyclopes
  8 black mambas
  14 cane toads
  2 rime drakes (Lair:5)
  3 gargoyles
  5 komodo dragons
  2 unseen horrors (D:12)
  2 tengu conjurers (D:15)
  A merfolk (Lair:3)
  9 trolls
  A queen bee (Lair:4)
  3 tyrant leeches (Lair:5)
  5 meliai
  Prince Ribbit (D:5)
  3 polar bears
  23 blink frogs
  Sigmund (D:4)
  A wraith (Lair:4)
  3 basilisks
  A vampire (D:12)
  3 wyverns
  24 yaks
  A steam dragon (D:8)
  13 vampire mosquitoes
  6 wargs
  An acid dragon (D:9)
  17 water moccasins
  2 black bears
  33 orc warriors
  3 sky beasts
  6 ogres
  3 wolves
  7 centaurs
  2 phantoms
  A kobold brigand (D:9)
  Blork the orc (D:5)
  11 bullfrogs
  4 gnoll sergeants
  A necrophage (D:5)
  2 scorpions
  4 wights
  A hexer (Orc:1)
  35 killer bees
  5 howler monkeys
  2 electric eels (Lair:5)
  3 hounds
  A quasit (D:5)
  24 orc priests
  A jelly (D:5)
  2 gnoll boudas
  An iguana (D:4)
  Terence (D:2)
  22 orc wizards
  18 hell rats
  3 mummies (Ossuary)
  11 gnolls
  A river rat (Sewer)
  9 adders
  4 shadow imps
  A white imp (D:5)
  2 ufetubi
  2 dart slugs
  63 orcs
  5 bats
  3 endoplasms
  8 giant cockroaches
  A gnoll zombie (Ossuary)
  4 goblins
  3 hobgoblins (D:1)
  7 jackals
  5 quokkas
  2 ball pythons (D:4)
  2 frilled lizards
  5 goblin zombies (Ossuary)
  2 hobgoblin zombies (Ossuary)
  11 kobolds
  2 kobold zombies (Ossuary)
  4 rats
578 creatures vanquished.

Vanquished Creatures (collateral kills)
  A boulder beetle (Lair:5)
  2 catoblepae
  An alligator (Lair:5)
  A deep elf pyromancer (D:13)
  An orc knight (Orc:1)
  An orc sorcerer (D:15)
  2 ugly things (D:14)
  3 black mambas
  A torpor snail (Lair:5)
  9 elephants
  7 cane toads
  An efreet (D:13)
  A gargoyle (D:12)
  A komodo dragon (Lair:1)
  A meliai (D:14)
  A polar bear (Lair:1)
  A troll (D:11)
  12 blink frogs
  3 wraiths
  A shadow (D:9)
  A water elemental (D:14)
  2 wyverns
  A vampire (D:13)
  9 yaks
  A basilisk (Lair:4)
  2 vampire mosquitoes
  4 water moccasins
  2 black bears
  5 orc warriors
  A sky beast (D:8)
  An ice beast (D:7)
  3 wolves
  A bullfrog (Lair:1)
  A kobold brigand (D:8)
  3 wights
  5 killer bees
  An electric eel (Lair:4)
  6 orc priests
  3 jellies
  An iguana (D:6)
  8 orc wizards
  3 hell rats
  3 gnolls
  An ufetubus (D:5)
  A worm (D:5)
  22 orcs
  3 kobolds
  2 rats (Sewer)
  A butterfly (Lair:5)
148 creatures vanquished.

Vanquished Creatures (others)
  An orc wizard (Orc:2)
  18 hexers
  22 fungi
  177 plants
218 creatures vanquished.

Grand Total: 944 creatures vanquished

Notes
Turn   | Place    | Note
-------+----------+-------------------------------------------
     0 | D:1      | GeoRichter the Demonspawn Gladiator began the quest for the
                  | Orb.
     0 | D:1      | Reached XP level 1. HP: 16/16 MP: 1/1
    87 | D:1      | Reached skill level 3 in Long Blades
   124 | D:1      | Found Ixohomegerch's Weapon Emporium.
   149 | D:1      | Gained mutation: You are partially covered in razor-sharp
                  | scales. (AC +1, Slay +1) [demonic ancestry]
   149 | D:1      | Reached XP level 2. HP: 22/22 MP: 2/2
   230 | D:1      | Found a faded altar of an unknown god.
   989 | D:2      | Noticed Terence
   999 | D:2      | Killed Terence
  1000 | D:2      | Reached skill level 4 in Long Blades
  1000 | D:2      | Gained mutation: You have large cloven feet. [demonic
                  | ancestry]
  1000 | D:2      | Reached XP level 3. HP: 20/27 MP: 3/3
  1748 | D:3      | Reached XP level 4. HP: 33/33 MP: 4/4
  1857 | D:4      | Noticed a phantom
  1902 | D:4      | Killed a phantom
  1903 | D:4      | Reached skill level 5 in Long Blades
  1903 | D:4      | Gained mutation: You are mostly covered in razor-sharp
                  | scales. (AC +2, Slay +2) [demonic ancestry]
  1903 | D:4      | Reached XP level 5. HP: 29/38 MP: 5/5
  2020 | D:4      | Noticed Sigmund
  2149 | D:4      | Found a bloodstained altar of Trog.
  2149 | D:4      | Found a snail-covered altar of Cheibriados.
  2150 | D:4      | Found a hazy altar of Hepliaklqana.
  2151 | D:4      | Found an ancient bone altar of Kikubaaqudgha.
  2151 | D:4      | Found a shadowy altar of Dithmenos.
  2158 | D:4      | Became a worshipper of Hepliaklqana the Forgotten
  2197 | D:4      | Noticed a black bear
  2208 | D:4      | Killed a black bear
  2209 | D:4      | Reached skill level 6 in Long Blades
  2209 | D:4      | Reached XP level 6. HP: 21/44 MP: 6/6
  2398 | D:4      | Found a staircase to the Ecumenical Temple.
  2420 | Temple   | Entered the Ecumenical Temple
  3192 | D:5      | Entered Level 5 of the Dungeon
  3201 | D:5      | Reached skill level 7 in Long Blades
  3354 | D:5      | Gained mutation: A weak demonic guardian rushes to your
                  | aid. [demonic ancestry]
  3354 | D:5      | Reached XP level 7. HP: 43/50 MP: 7/7
  3375 | D:5      | Noticed Prince Ribbit
  3390 | D:5      | Killed Prince Ribbit
  3433 | D:5      | Found a sand-covered staircase.
  3441 | Ossuary  | Entered an ossuary
  3441 | Ossuary  | Noticed a wraith
  3441 | Ossuary  | Noticed a wraith
  3441 | Ossuary  | Noticed a wraith
  3555 | Ossuary  | Reached * piety under Hepliaklqana
  3588 | Ossuary  | Reached skill level 8 in Long Blades
  3707 | Ossuary  | Noticed a wraith
  3719 | Ossuary  | Killed a wraith
  4078 | D:5      | Reached XP level 8. HP: 37/54 MP: 8/8
  4281 | D:5      | Noticed Blork the orc
  4288 | D:5      | Killed Blork the orc
  4688 | D:6      | Reached skill level 9 in Long Blades
  4896 | D:6      | Found a glowing drain.
  4898 | D:6      | Reached skill level 5 in Fighting
  4907 | Sewer    | Entered a sewer
  5209 | D:6      | Reached skill level 1 in Shields
  5315 | D:6      | Reached ** piety under Hepliaklqana
  5316 | D:6      | Remembered your ancestor Ku-aya as a hexer
  5428 | D:6      | Reached skill level 1 in Armour
  5824 | D:6      | Reached XP level 9. HP: 49/61 MP: 9/9
  6935 | D:7      | Found a blossoming altar of Fedhas.
  7230 | D:8      | Reached skill level 10 in Long Blades
  7523 | D:8      | Identified the +2 dagger "Bugiysef" {venom, rElec Int+5}
  7908 | D:8      | Found Edihuoca's Antique Armour Boutique.
  7981 | D:8      | Found a staircase to the Lair.
  8255 | D:9      | Gained mutation: You are completely covered in razor-sharp
                  | scales. (AC +3, Slay +3) [demonic ancestry]
  8255 | D:9      | Reached XP level 10. HP: 71/71 MP: 10/10
  8276 | D:9      | Reached *** piety under Hepliaklqana
  9597 | Lair:1   | Entered Level 1 of the Lair of Beasts
  9648 | Lair:1   | Noticed a five-headed hydra
  9656 | Lair:1   | Killed a two-headed hydra
  9657 | Lair:1   | Reached skill level 11 in Long Blades
  9657 | Lair:1   | Reached skill level 5 in Dodging
  9769 | Lair:1   | Noticed a catoblepas
  9803 | Lair:1   | Killed a catoblepas
  9813 | Lair:1   | Reached XP level 11. HP: 53/78 MP: 11/11
 10010 | Lair:1   | Found a hide-covered altar of Uskayaw.
 10023 | Lair:1   | Identified the +4 dagger of Regicide {freeze, rN+ Int+2}
 10137 | Lair:1   | Noticed a catoblepas
 10439 | Lair:1   | Killed a catoblepas
 10972 | Lair:1   | Reached skill level 5 in Shields
 10981 | Lair:1   | Reached skill level 5 in Armour
 11133 | Lair:1   | Reached skill level 12 in Long Blades
 11418 | Lair:2   | Reached skill level 10 in Fighting
 11986 | Lair:2   | Reached **** piety under Hepliaklqana
 12084 | Lair:2   | Noticed a catoblepas
 12103 | Lair:2   | Killed a catoblepas
 12104 | Lair:2   | Gained mutation: You have hoof-like feet. [demonic
                  | ancestry]
 12104 | Lair:2   | Reached XP level 12. HP: 47/88 MP: 12/12
 13696 | Lair:3   | Found a staircase to the Snake Pit.
 14226 | Lair:3   | Reached skill level 13 in Long Blades
 14747 | Lair:3   | Reached ***** piety under Hepliaklqana
 14956 | Lair:3   | Found a staircase to the Shoals.
 15339 | Lair:4   | Noticed Snorg
 15349 | Lair:4   | Killed Snorg
 15590 | Lair:4   | Noticed a five-headed hydra
 15680 | Lair:4   | Killed a two-headed hydra
 15748 | Lair:4   | Noticed Josephine
 15762 | Lair:4   | Killed Josephine
 15926 | Lair:4   | Reached XP level 13. HP: 97/97 MP: 13/13
 16612 | Lair:5   | Entered Level 5 of the Lair of Beasts
 16773 | Lair:5   | Reached skill level 14 in Long Blades
 16798 | Lair:5   | Reached skill level 1 in Evocations
 16936 | Lair:5   | Found a staircase to the Slime Pits.
 16936 | Lair:5   | Found a viscous altar of Jiyva.
 17447 | Lair:5   | Identified the +12 rapier of Radicalism {freeze, Int+3}
 17597 | Lair:5   | Reached XP level 14. HP: 103/106 MP: 14/14
 17728 | Lair:5   | Reached skill level 5 in Evocations
 17732 | Lair:5   | Learned a level 3 spell: Swiftness
 17736 | Lair:5   | Learned a level 3 spell: Mephitic Cloud
 17740 | Lair:5   | Learned a level 3 spell: Ignite Poison
 17817 | Lair:5   | Reached skill level 1 in Poison Magic
 17822 | Lair:5   | Reached skill level 1 in Air Magic
 18007 | Lair:5   | Reached skill level 1 in Conjurations
 18077 | Lair:5   | Reached skill level 1 in Spellcasting
 18549 | D:10     | Entered Level 10 of the Dungeon
 18698 | D:10     | Identified 2 scrolls of acquirement
 18698 | D:10     | Acquired the ring "Geviypo" {rC+ Will+ rCorr MP+9}
 18699 | D:10     | Acquired 727 gold pieces
 18773 | D:8      | Bought the +0 pair of fencer's gloves {Riposte Dex+3} for
                  | 1280 gold pieces
 18773 | D:8      | Found the +0 pair of fencer's gloves {Riposte Dex+3}
 18896 | D:4      | Killed Sigmund
 20026 | D:11     | Reached ****** piety under Hepliaklqana
 20237 | D:11     | Found a staircase to the Orcish Mines.
 20696 | Orc:1    | Entered Level 1 of the Orcish Mines
 20905 | D:12     | Found a shadowy altar of Dithmenos.
 21554 | Orc:1    | Reached skill level 5 in Poison Magic
 21955 | Orc:1    | Noticed an orc warlord
 21982 | Orc:1    | HP: 3/106 [orc warlord/+2 long sword of flaming (16)]
 22060 | Orc:1    | Killed an orc warlord
 22061 | Orc:1    | Reached skill level 5 in Air Magic
 22328 | Orc:2    | Entered Level 2 of the Orcish Mines
 22479 | Orc:2    | Noticed an orc warlord
 22566 | Orc:1    | Killed an orc warlord
 22768 | Orc:2    | Found a staircase to the Elven Halls.
 22867 | Orc:2    | Found Epiqaf's Book Shoppe.
 23173 | Orc:2    | Gained mutation: Spells you cast may paralyse adjacent
                  | enemies. [demonic ancestry]
 23173 | Orc:2    | Reached XP level 15. HP: 97/111 MP: 20/20
 23192 | Orc:2    | Found Huvachyh's Antique Armour Boutique.
 23192 | Orc:2    | Found Miodghuul's Book Boutique.
 23193 | Orc:2    | Found Arre's Book Shop.
 23197 | Orc:2    | Found Osue's Distillery.
 24459 | D:13     | Got the Precepts of Distant Shores
 24814 | D:13     | Reached skill level 5 in Conjurations
 24886 | D:13     | Identified the +0 cloak of Digheul {*Slow Int+7}
 24898 | D:13     | Found a gate to the Vaults.
 25543 | D:15     | Entered Level 15 of the Dungeon
 25735 | D:15     | Found a transporter.
 25874 | D:15     | Found a transporter.
 25876 | D:15     | Noticed Purphixowk's ghost (journeyman DsGl)
 25918 | D:15     | Hit by a large rock thrown by a cyclops

Illustrated notes

Levels and vault maps discovered:
D:1:      dpeg_arrival_shrine, layout_basic, serial_shops, nicolae_square_shop,
          shapermc_ecumenical_altar_starsandcircs
D:2:      layout_rooms, uniq_terence
D:3:      layout_rooms
D:4:      layout_loops_ring, grunt_temple_overflow_open,
          minmay_temple_entry_arrows, minivault_24, uniq_sigmund
D:5:      layout_rooms, chequers_ossuary_entry_cave, serial_demonic,
          serial_demonic_d, serial_demonic_g, serial_demonic_b,
          serial_demonic_b, kb_lookout_dungeons_type, kennysheep_boxes,
          uniq_prince_ribbit1, uniq_blork_the_orc
D:6:      layout_gridville, gup_sewer_entry_bubbles, minmay_misc_feat_plants,
          glass_columns_a
D:7:      layout_loops_ring, fedhas_altar_3
D:8:      layout_rooms, lair_entry_dummy, serial_shops, shop
D:9:      layout_irregular_city
D:10:     lemuel_troll_bridge, layout_basic, onia_ninara_dug_in_and_dangerous
D:11:     layout_loops_ring, orc_0_dummy
D:12:     layout_roguey, dreamdust_mushroom_princess,
          nicolae_dithmenos_the_darkroom
D:13:     layout_long_grid, david_vaults_5
D:14:     layout_rooms, serial_bayou_lagoon_a, kennysheep_flooded_box
D:15:     grunt_enter_depths_giant_problem, layout_basic, nzn_ghost_randoct,
          doesnt_xom_only_xom
Temple:   regret_index_temple_sphere_string
Lair:1:   layout_big_grid, basic_altar
Lair:2:   layout_layer_cave
Lair:3:   layout_regular_city, elwin_shoals_entry_rooms,
          minmay_snake_entry_six_corridors
Lair:4:   layout_hall_layers, special_room [special_room_bee], minivault_23,
          serial_bayou_shore_b, infiniplex_staircase_pool, uniq_josephine,
          uniq_snorg
Lair:5:   minmay_lair_end_frog_pond, layout_misc_corridors, slime_entry_1,
          lemuel_fruit_fields, serial_bayou_shore_a
Orc:1:    nicolae_orc_accident_2, layout_caves
Orc:2:    st_orc_mages, layout_caves, serial_shops, nicolae_shop_waterfront

Skill      XL: |  1  2  3  4  5  6  7  8  9 10 11 12 13 14 15 |
---------------+----------------------------------------------+-----
Long Blades    | 3 4 5 6 7 8 9 10 11 12 13 14 | 14.0
Fighting       | 4 5 7 8 10 12 13 | 13.7
Shields        | 1 3 4 5 |  5.1
Dodging        | 3 4 5 6 7 8 9 |  9.0
Armour         | 1 3 4 5 7 8 |  8.2
Evocations     | 4 5 |  5.0
Poison Magic   | 6 7 |  7.9
Air Magic      | 5 7 |  7.4
Conjurations   | 4 5 |  5.5
Spellcasting   | 3 4 |  4.9
Throwing       | |  1.7

Action                   |  1- 3 |  4- 6 |  7- 9 | 10-12 | 13-15 || total
-------------------------+-------+-------+-------+-------+-------++-------
Melee: Long sword        |    73 |    93 |   287 |   443 |   496 ||  1392
       Kick              |     4 |    19 |    93 |   182 |   425 ||   723
       Rapier            |       |       |       |       |   456 ||   456
Throw: Dart              |     5 |     3 |    18 |     8 |       ||    34
       Javelin           |       |       |       |     4 |    13 ||    17
       Throwing net      |       |       |       |       |     1 ||     1
Invok: Ancestor Life: He |       |       |     1 |       |       ||     1
       Ancestor Identity |       |       |     1 |       |       ||     1
       Recall Ancestor   |       |       |       |     1 |     9 ||    10
Evoke: Lightning rod     |       |       |       |       |     4 ||     4
       Wand              |       |       |       |       |     6 ||     6
       Box of beasts     |       |       |       |       |     2 ||     2
       Condenser vane    |       |       |       |       |     1 ||     1
  Use: Scroll            |       |       |    14 |    12 |    12 ||    38
       Potion            |       |       |     4 |     2 |     9 ||    15
 Stab: Confused          |       |       |     7 |    14 |    21 ||    42
       Distracted        |       |       |     3 |    16 |    17 ||    36
       Paralysed         |       |       |       |       |    34 ||    34
       Held in net/web   |       |       |       |       |     1 ||     1
       Sleeping          |       |       |       |       |     1 ||     1
Armor: Scale mail        |    35 |    63 |    71 |    99 |       ||   268
       Troll leather arm |       |       |       |    17 |   152 ||   169
Dodge: Dodged            |    39 |    47 |    96 |   200 |   498 ||   880
Block: Buckler           |    11 |    26 |   130 |   224 |   479 ||   870
       Reflection        |       |     1 |     4 |     2 |    21 ||    28
       Rpst.: Rapier     |       |       |       |       |    80 ||    80
       Long sword        |       |       |       |       |    54 ||    54
